 Dungeon Crawl Stone Soup version 0.29.1-1-gd02db6906a (webtiles) character file.

Game seed: 17011351308934482990

36039 holycorn the Tortoise (level 13, -11/130 HPs)
             Began as a Minotaur Berserker on Sept 20, 2022.
             Was an Elder of Trog.
             Mangled by an entropy weaver (17 damage)
             ... on level 2 of the Spider Nest.
             The game lasted 00:33:11 (15355 turns).

holycorn the Tortoise (Minotaur Berserker)         Turns: 15355, Time: 00:33:12

Health: -11/130    AC: -3    Str: 25    XL:     13   Next: 50%
Magic:  12/12      EV: 13    Int:  4    God:    Trog [****..]
Gold:   553        SH:  5    Dex: 12    Spells: 12/12 levels left

rFire   + . .      SeeInvis .   P - +7 executioner's axe (flame)
rCold   + . .      Faith    .   (shield currently unavailable)
rNeg    . . .      Spirit   .   I - +0 plate armour
rPois   .          Reflect  +   (helmet restricted)
rElec   .          Harm     .   g - scarf {rC+ rF+}
rCorr   .          Rampage  .   (no gloves)
Will    .....                   r - +0 pair of boots
Stlth   ..........              c - amulet of reflection
HPRegen 0.31/turn               Q - +4 ring of evasion
MPRegen 0.13/turn               E - +4 ring of slaying

@: corroded
A: horns 2, retaliatory headbutt
a: Renounce Religion, Berserk, Trog's Hand, Brothers in Arms


You were on level 2 of the Spider Nest.
You worshipped Trog.
Trog was greatly pleased with you.
You visited 3 branches of the dungeon, and saw 13 of its levels.

You collected 553 gold pieces.

Inventory:

Hand Weapons
 a - a +0 hand axe
 d - the +10 mace "Rostuutush" {vorpal, Dex+2}
   (You found it on level 3 of the Dungeon)

   It inflicts extra damage upon your enemies.
   Dex:       It affects your dexterity (+2).
 u - a +2 hand axe of freezing
 x - a +1 war axe of freezing
 P - a +7 executioner's axe of flaming (weapon)
Armour
 g - a scarf of resistance (worn)
 r - a +0 pair of boots (worn)
 I - a +0 plate armour (worn)
Jewellery
 c - an amulet of reflection (around neck)
 v - a ring of protection from fire
 E - a +4 ring of slaying (right hand)
 O - a ring of ice
 Q - a +4 ring of evasion (left hand)
Wands
 b - a wand of mindburst (24)
 j - a wand of paralysis (8)
 J - a wand of iceblast (21)
 K - a wand of flame (56)
Scrolls
 e - 2 scrolls of vulnerability
 f - 10 scrolls of teleportation
 k - 2 scrolls of poison
 m - 2 scrolls of identify
 o - 2 scrolls of enchant armour
 p - 2 scrolls of noise
 q - 2 scrolls of butterflies {unknown}
 t - a scroll of brand weapon {unknown}
 y - 4 scrolls of fear
 A - a scroll of silence {unknown}
 C - 2 scrolls of enchant weapon
 F - 2 scrolls of magic mapping
 G - 3 scrolls of amnesia
 M - a scroll of blinking {unknown}
 N - a scroll of summoning {unknown}
Potions
 h - a potion of haste
 i - a potion of might
 l - a potion of ambrosia
 n - a potion of degeneration {unknown}
 s - 2 potions of cancellation
 w - 2 potions of resistance
 z - 2 potions of invisibility {unknown}
 B - 3 potions of curing
 D - a potion of lignification {unknown}
 H - a potion of brilliance {unknown}
 L - 2 potions of heal wounds


   Skills:
 + Level 16.5 Fighting
 * Level 14.3(16.1) Axes
 - Level 12.1(15.0) Maces & Flails
 + Level 18.2 Armour
 - Level 2.4 Dodging
 - Level 0.2 Stealth


You had 12 spell levels left.
You didn't know any spells.
Your spell library was empty.

Dungeon Overview and Level Annotations

Branches:
Dungeon (8/15)             Temple (0/1) D:5            Lair (3/5) D:8
  Swamp (0/4) Lair:3       Spider (2/4) Lair:3

Altars:
Cheibriados
Elyvilon
Nemelex Xobeh
Okawaru
Ru
Sif Muna
Vehumet
Yredelemnul

Annotations:
Spider:1 Roxanne


Innate Abilities, Weirdness & Mutations

You have a pair of horns on your head.
You reflexively headbutt those who attack you in melee.


Message History

The entropy weaver barely misses you.
You are too confused!
You hit the entropy weaver but do no damage.
The entropy weaver closely misses you.
The entropy weaver hits you but does no damage.
The entropy weaver completely misses you. x2
The entropy weaver hits you but does no damage.
The entropy weaver hits you.
* * * LOW HITPOINT WARNING * * *
The entropy weaver completely misses you.
The entropy weaver hits you!
* * * LOW HITPOINT WARNING * * *
Okay, then.
You feel much better. The entropy weaver hits you!
* * * LOW HITPOINT WARNING * * *
The entropy weaver hits you!
* * * LOW HITPOINT WARNING * * *
The entropy weaver hits you but does no damage.
The entropy weaver hits you.
* * * LOW HITPOINT WARNING * * *
You feel much better.
You feel less confused.
The entropy weaver casts a spell at you.
The entropic weave corrodes you!
You feel better.
The entropy weaver casts a spell at you.
The entropic weave corrodes you!
Okay, then.
Okay, then.
You feel better. The entropy weaver hits you.
You block the entropy weaver's attack.
The entropy weaver completely misses you.
The entropy weaver hits you!
* * * LOW HITPOINT WARNING * * *
The entropy weaver hits you!
* * * LOW HITPOINT WARNING * * *
The entropy weaver hits you!
* * * LOW HITPOINT WARNING * * *
The entropy weaver hits you!
You die...

#.)......
##........
#)).......
#.......^#
#.......## ###
##......##
#...##### #.......#
##^...)>###.......#
#.......B@.......##
#......###.......#
#...... ###.....#
....s.. ####.##
....... ... ..B.s(w
.#.. ....... ..
.^..s.#


You could see an entropy weaver.

Vanquished Creatures
  2 boulder beetles
  4 hydras
  A radroach (Spider:1)
  A pharaoh ant (Spider:1)
  2 orb spiders (Spider:1)
  4 steelbarb worms
  3 wolf spiders
  A moth of wrath (Spider:2)
  6 elephants
  3 torpor snails
  5 cane toads
  A rime drake (Lair:2)
  2 demonic crawlers (Spider:1)
  6 komodo dragons
  3 trolls
  4 polar bears (Lair:1)
  5 meliai
  A hornet (D:8)
  15 blink frogs
  5 tarantellas
  Prince Ribbit (D:5)
  11 dream sheep (Lair:3)
  5 jumping spiders
  5 culicivoras
  3 wyverns (D:8)
  2 humans (D:7)
  10 yaks (Lair:1)
  Eustachio (D:5)
  9 redbacks
  A steam dragon (D:6)
  A basilisk (D:8)
  Menkaure (D:5)
  Edmund (D:4)
  2 acid dragons (D:8)
  A swamp worm (Lair:3)
  14 water moccasins
  A sky beast (D:4)
  8 black bears
  3 ogres (D:7)
  2 centaurs
  2 phantoms
  2 kobold brigands
  10 bullfrogs
  2 gnoll sergeants
  A scorpion (D:5)
  18 killer bees
  2 howler monkeys
  An electric eel (Lair:1)
  2 jellies (D:5)
  A hound (D:5)
  4 orc priests
  2 iguanas
  4 orc wizards
  4 adders
  10 gnolls
  2 shadow imps
  2 ufetubi
  A worm (D:5)
  A dart slug (D:5)
  28 orcs
  8 endoplasms
  5 giant cockroaches
  4 goblins
  2 hobgoblins
  4 jackals (D:2)
  13 kobolds
  3 quokkas
  6 ball pythons
  8 bats
  7 frilled lizards
  2 rats (D:3)
317 creatures vanquished.

Vanquished Creatures (collateral kills)
  A komodo dragon (Lair:3)
1 creature vanquished.

Vanquished Creatures (others)
  A bush (Lair:2)
  21 fungi
  13 plants
35 creatures vanquished.

Grand Total: 353 creatures vanquished

Notes
Turn   | Place    | Note
-------+----------+-------------------------------------------
     0 | D:1      | holycorn the Minotaur Berserker began the quest for the
                  | Orb.
     0 | D:1      | Reached XP level 1. HP: 19/19 MP: 0/0
   372 | D:1      | Reached XP level 2. HP: 27/27 MP: 1/1
   556 | D:1      | Found a faded altar of an unknown god.
  1760 | D:2      | Reached ** piety under Trog
  1764 | D:2      | Reached XP level 3. HP: 33/33 MP: 2/2
  1830 | D:2      | You fall into a shaft and drop 2 floors!
  1894 | D:3      | Reached skill level 6 in Armour
  1894 | D:3      | Reached XP level 4. HP: 50/50 MP: 3/3
  1895 | D:3      | Reached skill level 7 in Armour
  1895 | D:3      | Reached XP level 5. HP: 61/61 MP: 4/4
  2047 | D:3      | Identified the +10 mace "Rostuutush" {vorpal, Dex+2}
  2132 | D:3      | Found a radiant altar of Vehumet.
  2275 | D:3      | Reached XP level 6. HP: 68/68 MP: 5/5
  2915 | D:4      | Noticed a sky beast
  2924 | D:4      | Killed a sky beast
  2992 | D:4      | Reached *** piety under Trog
  2995 | D:4      | Reached skill level 8 in Armour
  3329 | D:4      | Noticed Edmund
  3332 | D:4      | Killed Edmund
  3333 | D:4      | Reached skill level 1 in Maces & Flails
  3333 | D:4      | Reached XP level 7. HP: 71/74 MP: 6/6
  3484 | D:5      | Entered Level 5 of the Dungeon
  3485 | D:5      | Noticed Menkaure
  3485 | D:5      | Noticed Eustachio
  3490 | D:5      | Killed Menkaure
  3501 | D:5      | Killed Eustachio
  3820 | D:5      | Reached XP level 8. HP: 82/82 MP: 7/7
  3847 | D:5      | Noticed Prince Ribbit
  3864 | D:5      | Killed Prince Ribbit
  4363 | D:5      | Found a staircase to the Ecumenical Temple.
  4767 | D:6      | Found a white marble altar of Elyvilon.
  5007 | D:6      | Reached XP level 9. HP: 83/90 MP: 8/8
  5244 | D:6      | Reached skill level 5 in Maces & Flails
  5350 | D:7      | Reached **** piety under Trog
  5564 | D:7      | Found a large runed translucent door.
  5564 | D:7      | Found a large runed translucent door.
  5614 | D:7      | Found an iron altar of Okawaru.
  5777 | D:7      | Found a sparkling altar of Nemelex Xobeh.
  5948 | D:7      | Reached skill level 9 in Armour
  6191 | D:7      | Noticed a troll
  6198 | D:7      | Killed a troll
  6613 | D:7      | Found a basalt altar of Yredelemnul.
  6705 | D:7      | Noticed a troll
  6710 | D:7      | Killed a troll
  6711 | D:7      | Reached XP level 10. HP: 94/100 MP: 9/9
  6712 | D:7      | Found a snail-covered altar of Cheibriados.
  6717 | D:7      | Found a shimmering blue altar of Sif Muna.
  7018 | D:8      | Found a sacrificial altar of Ru.
  7021 | D:8      | Paralysed by a hornet for 1 turns
  7907 | D:8      | Identified the +7 whip "Disivath" {freeze, rF+ MP+9 Dex+7}
  7954 | D:8      | Reached skill level 10 in Armour
  8126 | D:8      | Reached ***** piety under Trog
  8274 | D:8      | Found a staircase to the Lair.
  8501 | Lair:1   | Entered Level 1 of the Lair of Beasts
  8621 | Lair:1   | Reached skill level 11 in Armour
  8688 | Lair:1   | Noticed a cane toad
  8711 | Lair:1   | Killed a cane toad
  8712 | Lair:1   | Reached XP level 11. HP: 93/107 MP: 10/10
  9053 | Lair:1   | Reached skill level 10 in Maces & Flails
  9195 | Lair:1   | Reached skill level 12 in Armour
  9320 | Lair:1   | Received a gift from Trog
 10360 | Lair:2   | Reached skill level 13 in Armour
 10514 | Lair:2   | Noticed a seven-headed hydra
 10522 | Lair:2   | Killed a seven-headed hydra
 10523 | Lair:2   | Reached skill level 15 in Fighting
 10523 | Lair:2   | Reached XP level 12. HP: 66/119 MP: 11/11
 10931 | Lair:2   | Noticed a boulder beetle
 10944 | Lair:2   | Killed a boulder beetle
 10954 | Lair:2   | Noticed a seven-headed hydra
 11194 | Lair:2   | Killed a seven-headed hydra
 11304 | Lair:3   | Reached skill level 14 in Armour
 11585 | Lair:3   | Noticed a seven-headed hydra
 11585 | Lair:3   | Noticed a six-headed hydra
 11595 | Lair:3   | Killed a seven-headed hydra
 11597 | Lair:3   | Killed a six-headed hydra
 11598 | Lair:3   | Reached skill level 15 in Armour
 11780 | Lair:3   | Found a staircase to the Swamp.
 12028 | Lair:3   | Reached skill level 16 in Armour
 12479 | Lair:3   | Found a hole to the Spider Nest.
 12492 | Spider:1 | Entered Level 1 of the Spider Nest
 12874 | Spider:1 | Reached skill level 17 in Armour
 13452 | Spider:1 | Reached XP level 13. HP: 121/128 MP: 12/12
 13607 | Spider:1 | Received a gift from Trog
 13911 | Spider:1 | Reached skill level 18 in Armour
 14531 | Spider:1 | Identified Roxanne's Octavo of Shapeshifting
 14531 | Spider:1 | Noticed Roxanne
 15328 | Spider:2 | Noticed an entropy weaver
 15355 | Spider:2 | HP: 6/130 [entropy weaver (10)]
 15355 | Spider:2 | Mangled by an entropy weaver

Illustrated notes

Levels and vault maps discovered:
D:1:      saegor_arrival_miasma, layout_basic, basic_ecumenical_altar,
          st_stairs_14
D:2:      minmay_wonky_spiral, layout_basic
D:3:      layout_loops_ring, nicolae_vehumet_radiance
D:4:      layout_loops_corners, uniq_edmund
D:5:      layout_loops_cross, temple_hall, uniq_eustachio, uniq_prince_ribbit1,
          uniq_menkaure
D:6:      layout_basic, mainiacjoe_overflow_brackets
D:7:      layout_loops_cross, marbit_many_paths, okawaru_humans,
          nemelex_spade_bored_becter, jmf_multi_god_temple2,
          minmay_manual_monstrance
D:8:      layout_basic, mainiacjoe_overflow_catwalk, erik_lair_dragon
Lair:1:   beast_lair_carwin_large_3, layout_misc_corridors,
          gauntlet_entry_generic, serial_bayou_shore_a
Lair:2:   layout_concentric_octagons, chequers_serial_rivers_micro_d
Lair:3:   layout_long_grid, palyth_hydra_swamp_entry, spider_nest_entry_webs,
          eino_house_with_fridge
Spider:1: layout_chambers, uniq_roxanne
Spider:2: layout_cave_pods, uniq_arachne

Skill      XL: |  1  2  3  4  5  6  7  8  9 10 11 12 13 |
---------------+----------------------------------------+-----
Axes           | 4 9 11 12 14 | 14.3
Fighting       | 4 9 11 12 13 15 16 | 16.5
Armour         | 6 7 8 9 11 13 17 18 | 18.2
Maces & Flails | 1 2 4 7 9 11 12 | 12.1
Dodging        | |  2.4
Stealth        | |  0.2

Action                   |  1- 3 |  4- 6 |  7- 9 | 10-12 | 13-15 || total
-------------------------+-------+-------+-------+-------+-------++-------
Melee: Hand axe          |    58 |    15 |       |       |       ||    73
       Headbutt          |     5 |    10 |    26 |    94 |    26 ||   161
       Mace              |       |    62 |   145 |   393 |    13 ||   613
       Punch             |       |       |     1 |       |       ||     1
       Executioner's axe |       |       |       |       |    65 ||    65
Invok: Berserk           |       |       |       |     3 |     2 ||     5
       Brothers in Arms  |       |       |       |     1 |       ||     1
  Use: Potion            |     1 |     1 |       |     1 |     4 ||     7
       Scroll            |     1 |     3 |     4 |     1 |     9 ||    18
Armor: Animal skin       |     6 |       |       |       |       ||     6
       Chain mail        |    26 |    25 |    41 |       |       ||    92
       Plate armour      |       |       |    34 |   206 |    59 ||   299
Dodge: Dodged            |    30 |    36 |    40 |   140 |    44 ||   290
Block: Other             |    15 |    10 |    24 |    76 |    22 ||   147
       Reflection        |       |       |     1 |     2 |       ||     3
